 Dungeon Crawl Stone Soup version 0.16.0-17-g811c1d7 (webtiles) character file.

205 timbw the Ducker (level 5, -13/24 HPs)
             Began as a Spriggan Ice Elementalist on Mar 20, 2015.
             Killed from afar by Ijyb (18 damage)
             ... with a wand of fire
             ... on level 4 of the Dungeon.
             The game lasted 00:06:50 (1644 turns).

timbw the Ducker (Spriggan Ice Elementalist)        Turns: 1644, Time: 00:06:50

Health: -13/24     AC:  2    Str:  4    XL:     5   Next: 52%
Magic:  14/14      EV: 22    Int: 17    God:
Gold:   29         SH:  0    Dex: 17    Spells: 1 memorised, 8 levels left

rFire  . . .     SeeInvis +     h - +0 dagger
rCold  . . .     Clarity  .     a - +0 robe
rNeg   . . .     SustAb   .     (shield restricted)
rPois  .         Gourm    .     (helmet restricted)
rElec  .         Spirit   .     (no cloak)
rCorr  .         Warding  .     (gloves unavailable)
rMut   .         Stasis   .     (boots unavailable)
MR     .....                    (no amulet)
Stlth  +++.......               (no ring)
                                (no ring)

@: very quick, not resistant to hostile enchantments, fairly stealthy
A: unfitting armour, see invisible, herbivore 3, speed 3, slow metabolism 2
a: no special abilities


You were on level 4 of the Dungeon.
You were not hungry.

You visited 1 branch of the dungeon, and saw 4 of its levels.

You collected 29 gold pieces.

Inventory:

Hand weapons
 h - a +0 dagger (weapon)
Missiles
 q - 8 needles of sleeping
Armour
 a - a +0 robe (worn)
Scrolls
 e - a scroll of recharging
 g - a scroll of noise {unknown}
 k - a scroll of teleportation
 l - a scroll of magic mapping
 n - 2 scrolls of remove curse
 o - a scroll of blinking {unknown}
 r - a scroll of fear {unknown}
Potions
 d - a potion of magic
 i - a potion of might
 j - a potion of ambrosia {unknown}
 m - 2 potions of lignification
 p - a potion of restore abilities {unknown}
 s - a potion of flight {unknown}
 t - a potion of curing {unknown}
 w - a potion of cure mutation {unknown}
Books
 b - a book of Frost

   Spells                             Type                      Level
   a - Freeze                         Ice                          1
   b - Throw Frost                    Conjuration/Ice              2
   c - Ozocubu's Armour               Charms/Ice                   3
   d - Throw Icicle                   Conjuration/Ice              4
   e - Summon Ice Beast               Ice/Summoning                4
   f - Condensation Shield            Ice                          4
 v - a book of Death

   Spells                             Type                      Level
   a - Corpse Rot                     Necromancy                   2
   b - Sublimation of Blood           Necromancy                   2
   c - Agony                          Necromancy                   5
   d - Dispel Undead                  Necromancy                   5
   e - Excruciating Wounds            Charms/Necromancy            5
   f - Bolt of Draining               Conjuration/Necromancy       5
Comestibles
 c - 4 bread rations
 f - 3 fruits


   Skills:
 + Level 3.6 Short Blades
 + Level 6.5 Dodging
 - Level 3.4 Stealth
 - Level 2.6 Spellcasting
   Level 0.6 Conjurations
 - Level 2.4 Ice Magic


You had 8 spell levels left.
You knew the following spells:

 Your Spells              Type           Power        Failure   Level  Hunger
a - Freeze                Ice            ##..         10%         1    #......


Dungeon Overview and Level Annotations

Branches:
Dungeon (4/15)
 Temple: D:4-7

Altars:
The Shining One

Annotations:
D:4 Ijyb


Innate Abilities, Weirdness & Mutations

You are tiny and cannot use many weapons and most armour.
You have supernaturally acute eyesight.
You are a herbivore.
You cover ground extremely quickly.
You need consume almost no food.


Message History

Ijyb shouts!
Ijyb zaps a wand.
The bolt of fire misses you.
It is a wand of fire.
There is a large open door here.
Unknown command.
You close the large door.
You start resting.
You closely miss the goblin.
Ijyb zaps a wand.
The bolt of fire hits you! The goblin hits you with a club.
* * * LOW HITPOINT WARNING * * *
Ijyb completely misses you.
There is a large open door here.
Throwing (i - inventory):
u - a throwing net (quivered)
Press: ? - help, Shift-Dir - straight line, f - Ijyb
Aim: Ijyb, wielding a dagger and carrying a wand of fire {zapped: 2} You throw a throwing net.
The throwing net hits Ijyb.
Ijyb is caught in the net!
The goblin shouts!
Ijyb zaps a wand.
The bolt of fire hits you!
Ouch! That really hurt!
You die...

#...#.....#
..≈≈.
#...#.....#
.≈≈
#...#...††#
##)##.....##+#
#............#
#............#
#...##########
#...#g......#
#..g@g......'
#...'.......#
############


You could see Ijyb (caught) and 2 goblins.

Vanquished Creatures
  A giant frog (D:3)
  A worker ant (D:4)
  5 adders
  A giant gecko (D:1)
  2 orcs (D:3)
  10 bats
  2 bat skeletons
  5 giant cockroaches
  10 goblins
  9 hobgoblins
  2 jackals (D:4)
  4 kobolds
  2 quokkas (D:3)
  A ball python (D:1)
  4 giant newts
  6 rats
65 creatures vanquished.

Notes
Turn   | Place    | Note
--------------------------------------------------------------
     0 | D:1      | timbw, the Spriggan Ice Elementalist, began the quest for the Orb.
     0 | D:1      | Reached XP level 1. HP: 9/9 MP: 4/4
   153 | D:2      | Reached XP level 2. HP: 10/13 MP: 5/7
   557 | D:1      | Reached skill level 4 in Dodging
   640 | D:1      | Reached skill level 1 in Short Blades
   661 | D:1      | Reached XP level 3. HP: 13/16 MP: 9/9
   915 | D:2      | Reached skill level 5 in Dodging
   931 | D:2      | Found a glowing golden altar of the Shining One.
  1047 | D:3      | Reached XP level 4. HP: 17/21 MP: 6/12
  1063 | D:3      | Noticed a giant frog
  1113 | D:3      | Killed a giant frog
  1113 | D:3      | Reached skill level 6 in Dodging
  1113 | D:3      | Reached XP level 5. HP: 8/24 MP: 2/14
  1631 | D:4      | Noticed Ijyb
  1644 | D:4      | Killed from afar by Ijyb

Action                   |  1- 3 |  4- 6 || total
-------------------------+-------+-------++-------
Melee: Dagger            |    73 |    67 ||   140
       Unarmed           |     1 |       ||     1
Throw: Throwing net      |       |     1 ||     1
 Cast: Freeze            |    30 |    33 ||    63
  Use: Scroll            |       |     7 ||     7
 Stab: Sleeping          |     9 |     1 ||    10
